 Dungeon Crawl Stone Soup version 0.24.0-125-gc4c63601f3 (webtiles) character file.

Game seed: 14594904586569526815, levelgen mode: deterministic

11223 Mesmaeker13 the Frost Mage (level 11, 0/111 HPs)
             Began as a White Draconian Ice Elementalist on Mar 2, 2020.
             Was a Priest of Vehumet.
             Slain by a minotaur
             ... wielding a +3 quarterstaff of protection
              (6 damage)
             ... in a Gauntlet.
             The game lasted 00:38:02 (12056 turns).

Mesmaeker13 the Frost Mage (DrIE)                  Turns: 12056, Time: 00:38:03

Health: 0/111      AC: 28    Str: 10    XL:     11   Next: 46%
Magic:  2/15       EV:  2    Int: 19    God:    Vehumet [***...]
Gold:   301        SH:  5    Dex: 17    Spells: 3/16 levels left

rFire    . . .     SeeInvis .   m - +0 trident (freeze)
rCold    . . .     Gourm    .   B - +0 buckler
rNeg     + + +     Faith    .   (armour unavailable)
rPois    +         Spirit   .   (helmet currently unavailable)
rElec    .         Reflect  .   (cloak currently unavailable)
rCorr    .         Harm     .   (gloves currently unavailable)
MR       .....     NoTele   +   (boots currently unavailable)
Stlth    +++.......             i - amulet of magic regeneration
HPRegen  0.28/turn              c - ring of poison resistance
MPRegen  0.39/turn              n - +3 ring of protection

@: agile, tree-form
A: (breathe frost), unfitting armour, AC +7
a: Renounce Religion


You were in a Gauntlet.
You worshipped Vehumet.
Vehumet was most pleased with you.
You were not hungry.
You were a tree.
You visited 3 branches of the dungeon, and saw 12 of its levels.
You also visited: Sewer and Gauntlet.

You collected 749 gold pieces.
You spent 448 gold pieces at shops.

Inventory:

Hand Weapons
 m - a +0 trident of freezing (weapon)
 q - a +4 short sword
Armour
 h - a +0 pair of boots
 l - the +3 hat of Pondering {ponderous, MR+ MP+10 Int+5}
   (You took it off Gastronok on level 2 of the Lair of Beasts)

   It affects your intelligence (+5).
   It affects your resistance to hostile enchantments.
   It affects your magic capacity (+10).
 z - a +1 pair of gloves (melded)
 A - the cursed +0 large shield of Wrong Decisions {Int+2}
   (You found it on level 6 of the Dungeon)

   It affects your intelligence (+2).
   It has a curse placed upon it.
 B - a +0 buckler (worn)
 F - a +1 pair of boots (melded)
 G - a scarf of resistance (melded)
 H - a +1 hat
Magical Staves
 C - an uncursed staff of summoning {unknown}
Jewellery
 c - a ring of poison resistance (left branch)
 d - the ring of Opseha {rN++ MR- AC+4}
   (You found it in a Gauntlet)

   [ring of protection]

   It affects your AC (+4).
   It greatly protects you from negative energy.
   It affects your resistance to hostile enchantments.
 i - an amulet of magic regeneration (around neck)
 k - an uncursed amulet of the gourmand
 n - a +3 ring of protection (right branch)
 E - an uncursed ring of protection from fire
Wands
 f - a wand of flame (15)
 J - a wand of digging (1)
Scrolls
 e - 6 scrolls of teleportation
 p - 3 scrolls of magic mapping
 r - a scroll of amnesia
 s - 4 scrolls of vulnerability
 t - 2 scrolls of remove curse
 w - 3 scrolls of blinking
 y - a scroll of enchant armour
Potions
 g - a potion of heal wounds
 j - 4 potions of curing
 o - 4 potions of flight
 u - 2 potions of haste
 v - a potion of agility
 x - 3 potions of mutation
 D - a potion of might
Comestibles
 b - 17 rations


   Skills:
 + Level 8.9 Dodging
 - Level 1.7 Stealth
 - Level 4.3 Shields
 - Level 3.0 Spellcasting
 + Level 6.7 Conjurations
 - Level 4.0 Charms
 - Level 6.0 Summonings
 + Level 11.7 Ice Magic
 - Level 5.0 Earth Magic


You had 3 spell levels left.
You knew the following spells:

 Your Spells              Type           Power        Failure   Level  Hunger
a - Freeze                Ice            ####         1%          1    None
b - Ozocubu's Armour      Chrm/Ice       ####....     1%          3    ###....
c - Summon Ice Beast      Ice/Summ       #####...     4%          4    ####...
d - Sandblast             Erth           ###...       1%          1    None
e - Throw Icicle          Conj/Ice       #####...     1%          4    ####...

Your spell library contained the following spells:

 Spells                   Type           Power        Failure   Level  Hunger
 Ignite Poison            Fire/Tmut/Pois #.......     12%         3    ###....
 Summon Small Mammal      Summ           ####         1%          1    None
 Call Imp                 Summ           ####....     1%          2    ##.....
 Throw Frost              Conj/Ice       #####.       1%          2    ##.....
 Call Canine Familiar     Summ           ####....     3%          3    ###....
 Summon Guardian Golem    Hex/Summ       ##......     13%         3    ###....
 Summon Lightning Spire   Summ/Air       ##......     41%         4    ####...


Dungeon Overview and Level Annotations

Branches:
Dungeon (9/15)             Temple (1/1) D:5            Lair (2/6) D:9
    Orc (0/2) D:9           Sewer (visited)         Gauntlet (1/1)
  Swamp: Lair:2-4    Shoals: Lair:2-4     Snake: Lair:2-4    Spider: Lair:2-4

Altars:
Ashenzari
Cheibriados
Dithmenos
Elyvilon
Fedhas
Gozag
Hepliaklqana
Kikubaaqudgha
Makhleb
Nemelex Xobeh
Okawaru
Qazlal
Ru
Sif Muna
Trog
Uskayaw
Vehumet
Wu Jian
Xom
Yredelemnul
Zin
The Shining One

Shops:
D:9 [

Annotations:
D:9 Erica Gauntlet 6 transporters, 1 runed translucent door


Innate Abilities, Weirdness & Mutations

((You can breathe waves of freezing cold.))
((You can buffet flying creatures when you breathe cold.))
((Your icy white scales are hard. (AC +7)))
You cannot fit into any form of body armour.
((Your flesh is cold resistant. (rC+)))
((You are cold-blooded and may be slowed by cold attacks.))


Message History

The minotaur gores you!
* * * LOW HITPOINT WARNING * * *
Your ice beast closely misses the minotaur.
Your ice beast hits the minotaur but does no damage. x2
The minotaur hits your ice beast with a +3 quarterstaff of protection!
The minotaur gores your ice beast.
Your ice beast dies!
Casting: Freeze (safe; 1% risk of failure)
Confirm with . or Enter, or press ? or * to list all spells.
Aiming: Freeze (safe; 1% risk of failure)
Press: ? - help, Shift-Dir - straight line, f/p - minotaur
Aim: a minotaur, wielding a +3 quarterstaff of protection and wearing a +0 plate armour (severely wounded, hasn't noticed you)
You freeze the minotaur.
The minotaur bellows!
The minotaur is severely wounded.
Your ice beast hits the minotaur but does no damage. x2
The minotaur hits you with a +3 quarterstaff of protection!
* * * LOW HITPOINT WARNING * * *
The minotaur gores you.
You die...

##≈.###.##.##.#^x..x.^#.≈##
#≈≈.#Y.#..#:#.#.#x#.#.#.≈≈#
##≈.#.##©##!#.#XXxxX$.#.≈##
##.#########.#########.##
#≈.....................≈#
#≈≈≈#≈≈≈#..∩.⌠.∩..#≈≈≈#≈≈≈#
##≈###≈###.......###≈###≈##
## ################## ##
.......Y♣......#
.⌠.⌠.©.YH⌠.⌠.⌠.#
...............#
.##.##.##.##.### # #. .# #
.. .. .## #.# #. .# .


You could see a minotaur, 3 large abominations, 3 small abominations and 2
friendly ice beasts.

Vanquished Creatures
  A two-headed ogre (D:5)
  A sixfirhy (Gauntlet)
  Pikel (D:5)
  A komodo dragon (Lair:1)
  A troll (D:8)
  8 yaks
  4 humans (D:6)
  2 chaos spawn (Gauntlet)
  A neqoxec (Gauntlet)
  A water moccasin (Lair:1)
  2 porcupines
  A sky beast (D:9)
  An ice beast (D:6)
  2 ogres
  2 killer bees (D:8)
  3 centaurs
  10 bullfrogs
  4 scorpions
  2 water moccasin skeletons
  A wight (D:9)
  3 electric eels (D:8)
  A howler monkey (D:7)
  5 crimson imps
  A centaur zombie (D:5)
  A quasit (D:9)
  A bullfrog zombie (D:6)
  2 hounds
  2 centaur skeletons
  A gnoll shaman (D:9)
  3 bullfrog skeletons
  5 iguanas
  An orc wizard (D:3)
  3 worker ants
  A killer bee zombie (D:9)
  2 hound skeletons
  6 gnolls
  17 adders
  A shadow imp (D:5)
  3 ufetubi (Gauntlet)
  2 oozes
  2 adder skeletons
  3 worms
  A dart slug (D:2)
  4 leopard geckos
  8 orcs
  12 giant cockroaches
  7 goblins
  5 hobgoblins
  4 jackals
  14 kobolds
  A quokka (D:7)
  2 ball pythons
  8 bats
  4 frilled lizards
  2 leopard gecko skeletons
  A leopard gecko zombie (D:7)
  A quokka zombie (D:5)
  9 rats
  A fungus (D:6)
199 creatures vanquished.

Vanquished Creatures (collateral kills)
  Gastronok (Lair:2)
  A hydra (Lair:1)
  A two-headed ogre (D:8)
  A wizard (D:9)
  Joseph (D:9)
  A spiny frog (Lair:1)
  3 komodo dragons (Lair:1)
  Prince Ribbit (D:9)
  2 hippogriffs
  7 yaks
  2 hungry ghosts
  2 water moccasins
  An orc warrior (D:8)
  3 ogres
  A phantom (D:9)
  A crocodile (Lair:1)
  2 big kobolds (Sewer)
  2 bullfrogs
  A scorpion (D:9)
  2 killer bees (D:9)
  2 wights (D:9)
  3 howler monkeys (D:8)
  2 crimson imps (D:9)
  2 orc wizards
  Crazy Yiuf (D:6)
  2 jellies
  A worker ant (D:8)
  A small abomination (Gauntlet)
  A hound zombie (D:9)
  A howler monkey skeleton (D:9)
  8 orcs
60 creatures vanquished.

Vanquished Creatures (others)
  A small abomination (Gauntlet)
  A human (D:6)
  2 slaves (D:6)
  A killer bee (D:9)
  4 demonic plants (Gauntlet)
  17 plants (Lair:1)
26 creatures vanquished.

Grand Total: 285 creatures vanquished

Notes
Turn   | Place    | Note
-------+----------+-------------------------------------------
     0 | D:1      | Mesmaeker13 the Draconian Ice Elementalist began the quest
                  | for the Orb.
     0 | D:1      | Reached XP level 1. HP: 14/14 MP: 3/3
   147 | D:1      | Reached XP level 2. HP: 20/20 MP: 0/5
   656 | D:2      | Reached XP level 3. HP: 14/26 MP: 0/6
  1110 | D:2      | Reached XP level 4. HP: 32/33 MP: 8/8
  1375 | D:3      | Learned a level 3 spell: Ozocubu's Armour
  1495 | D:3      | Learned a level 4 spell: Summon Ice Beast
  1780 | D:3      | Reached skill level 4 in Ice Magic
  1998 | D:3      | Reached skill level 1 in Charms
  1998 | D:3      | Reached XP level 5. HP: 26/38 MP: 1/9
  2182 | D:3      | Found a shimmering blue altar of Sif Muna.
  2283 | D:4      | Reached skill level 1 in Summonings
  2689 | D:4      | Noticed an ogre
  3102 | D:4      | Reached XP level 6. HP: 36/45 MP: 10/10
  3626 | D:5      | Entered Level 5 of the Dungeon
  3689 | D:5      | Found a glowing drain.
  3725 | Sewer    | Entered a sewer
  4119 | Sewer    | Your scales start taking on an icy white colour.
  4119 | Sewer    | Reached skill level 5 in Ice Magic
  4119 | Sewer    | Reached XP level 7. HP: 50/50 MP: 11/11
  4119 | Sewer    | Gained mutation: Your flesh is cold resistant. (rC+) [White
                  | Draconian growth]
  4272 | D:5      | Reached skill level 6 in Ice Magic
  4348 | D:5      | Found a staircase to the Ecumenical Temple.
  4358 | Temple   | Entered the Ecumenical Temple
  4365 | Temple   | Became a worshipper of Vehumet
  5340 | D:5      | Noticed a two-headed ogre
  5376 | D:5      | Killed a two-headed ogre
  5376 | D:5      | Reached skill level 7 in Ice Magic
  5376 | D:5      | Reached XP level 8. HP: 29/57 MP: 0/12
  5444 | D:5      | Reached skill level 5 in Dodging
  5563 | D:6      | Reached skill level 1 in Shields
  5651 | D:6      | Reached skill level 5 in Summonings
  5653 | D:6      | Noticed Pikel
  5666 | D:5      | Killed Pikel
  5666 | D:5      | Reached * piety under Vehumet
  5666 | D:5      | Offered knowledge of Sandblast by Vehumet.
  5666 | D:5      | Reached skill level 8 in Ice Magic
  5666 | D:5      | Reached XP level 9. HP: 30/62 MP: 3/13
  5678 | D:5      | Learned a level 1 spell: Sandblast
  6034 | D:6      | Reached skill level 1 in Earth Magic
  6060 | D:6      | Got a bloodstained large shield
  6063 | D:6      | Identified the cursed +0 large shield of Wrong Decisions
                  | {Int+2} (You found it on level 6 of the Dungeon)
  6432 | D:6      | Found a runed translucent door.
  6433 | D:6      | Noticed Crazy Yiuf
  6442 | D:6      | Killed Crazy Yiuf
  6535 | D:7      | Found a snail-covered altar of Cheibriados.
  7040 | D:7      | Learned a level 4 spell: Throw Icicle
  7296 | D:8      | Noticed a two-headed ogre
  7310 | D:8      | Killed a two-headed ogre
  7310 | D:8      | Reached skill level 9 in Ice Magic
  7669 | D:8      | Reached XP level 10. HP: 69/69 MP: 14/14
  8422 | D:9      | Reached ** piety under Vehumet
  8422 | D:9      | Offered knowledge of Shock by Vehumet.
  8426 | D:9      | Noticed Prince Ribbit
  8428 | D:9      | Noticed Joseph
  8705 | D:9      | Killed Prince Ribbit
  8732 | D:9      | Found a staircase to the Lair.
  8895 | D:9      | Killed Joseph
  8963 | D:9      | Found a staircase to the Orcish Mines.
  8963 | D:9      | Found Ataetz's Armour Shoppe.
  8969 | D:9      | Offered knowledge of Mephitic Cloud by Vehumet.
  8988 | D:9      | Bought a scarf of resistance for 448 gold pieces
  9025 | D:9      | Noticed Erica
  9143 | D:9      | Reached *** piety under Vehumet
  9226 | D:9      | Noticed a wizard
  9226 | D:9      | Reached skill level 10 in Ice Magic
  9236 | D:9      | Killed a wizard
  9294 | D:9      | Noticed a centaur warrior
  9561 | Lair:1   | Entered Level 1 of the Lair of Beasts
  9640 | Lair:1   | Reached skill level 5 in Earth Magic
  9979 | Lair:1   | Noticed a six-headed hydra
  9987 | Lair:1   | Killed a six-headed hydra
  9987 | Lair:1   | Reached skill level 5 in Conjurations
 10361 | Lair:1   | Noticed a spiny frog
 10375 | Lair:1   | Killed a spiny frog
 10407 | Lair:1   | Reached XP level 11. HP: 60/74 MP: 9/15
 10674 | Lair:1   | Reached skill level 11 in Ice Magic
 11259 | Lair:2   | Offered knowledge of Ignite Poison by Vehumet.
 11485 | Lair:2   | Noticed Gastronok
 11508 | Lair:2   | Killed Gastronok
 11520 | Lair:2   | Found a gate leading to a gauntlet.
 11537 | Gauntlet | Entered a Gauntlet
 11537 | Gauntlet | Found a transporter.
 11537 | Gauntlet | Found a transporter.
 11537 | Gauntlet | Noticed a soul eater
 11538 | Gauntlet | Noticed a sixfirhy
 11539 | Gauntlet | Found a transporter.
 11543 | Gauntlet | Found a transporter.
 11543 | Gauntlet | Found a transporter.
 11543 | Gauntlet | Found a transporter.
 11558 | Gauntlet | Found a runed translucent door.
 11571 | Gauntlet | Found a transporter.
 11575 | Gauntlet | Found a transporter.
 11577 | Gauntlet | Noticed a large abomination
 11583 | Gauntlet | Found a transporter.
 11599 | Gauntlet | Found a transporter.
 11600 | Gauntlet | Noticed a dire elephant
 11616 | Gauntlet | Found a transporter.
 11617 | Gauntlet | Found a transporter.
 11672 | Gauntlet | Killed a sixfirhy
 11726 | Gauntlet | Got a shimmering marble ring
 11730 | Gauntlet | Identified the ring of Opseha {rN++ MR- AC+4} (You found it
                  | in a Gauntlet)
 12037 | Gauntlet | Noticed a minotaur
 12056 | Gauntlet | Slain by a minotaur

Levels and vault maps discovered:
D:1:      mrwooster_arrival_arrow, layout_rooms
D:2:      layout_basic, first_ration
D:3:      layout_rooms, lemuel_blue_sif_altar
D:4:      layout_basic, minmay_crystal_room
D:5:      layout_basic, minmay_temple_entry_wispy, gup_sewer_entry_glass,
          minmay_misc_feat_square
D:6:      layout_basic, minmay_ruffians, uniq_crazy_yiuf_cottage, uniq_pikel
D:7:      layout_basic, cheibriados_altar_1, minmay_joined_circles
D:8:      layout_cave_pods, serial_bayou, serial_bayou_shore_b,
          serial_bayou_pond_e, serial_bayou_lagoon_b, serial_bayou_pond_d
D:9:      minmay_sliced_demisemicircle, layout_cave_pools, lair_entry_dummy,
          orc_david_3, uniq_prince_ribbit1, uniq_erica, uniq_joseph
Temple:   grunt_wide_crystal_templ
Lair:1:   layout_cave_pods, chequers_serial_rivers_small_3,
          serial_bayou_shore_a, grunt_megastairs_5, lemuel_fruit_tree
Lair:2:   layout_long_grid, gammafunk_ghost_hive, gauntlet_entry_generic,
          uniq_gastronok
Gauntlet: minmay_gauntlet_77_indecision [minmay_gauntlet_arena_77_path,
          minmay_gauntlet_arena_77_radiant_squares,
          minmay_gauntlet_arena_77_hold_the_fort,
          minmay_gauntlet_arena_77_squiggly, minmay_gauntlet_arena_77_museum,
          minmay_gauntlet_arena_77_tiled_triplets, gauntlet_exit_green]

Skill      XL: |  1  2  3  4  5  6  7  8  9 10 11 |
---------------+----------------------------------+-----
Dodging        | 2 3 4 5 6 8 |  8.9
Spellcasting   | 3 |  3.0
Ice Magic      | 4 5 7 8 9 10 11 | 11.7
Charms         | 1 2 3 4 |  4.0
Summonings     | 1 2 4 5 6 |  6.0
Shields        | 3 4 |  4.3
Earth Magic    | 3 5 |  5.0
Conjurations   | 2 5 6 |  6.7
Stealth        | |  1.7

Action                   |  1- 3 |  4- 6 |  7- 9 | 10-12 || total
-------------------------+-------+-------+-------+-------++-------
Melee: Dagger            |    11 |       |       |       ||    11
       Unarmed           |     5 |       |       |       ||     5
       Mace              |    34 |   123 |    47 |       ||   204
       Tailslap          |     3 |     7 |    11 |    10 ||    31
       Trident           |       |       |    63 |   119 ||   182
Throw: Dart              |       |       |    10 |       ||    10
 Cast: Freeze            |    25 |    45 |    98 |   132 ||   300
       Ozocubu's Armour  |       |     4 |     2 |     3 ||     9
       Summon Ice Beast  |       |     2 |    19 |    53 ||    74
       Sandblast         |       |       |    25 |    17 ||    42
       Throw Icicle      |       |       |       |     7 ||     7
 Abil: Breathe Frost     |       |       |     2 |     2 ||     4
Evoke: Wand              |       |       |     2 |    29 ||    31
       Phantom mirror    |       |       |       |     1 ||     1
  Use: Scroll            |       |     4 |     8 |     9 ||    21
       Potion            |       |       |     2 |     8 ||    10
 Stab: Sleeping          |     6 |     5 |     1 |       ||    12
       Distracted        |     1 |       |       |     1 ||     2
  Eat: Chunk             |     1 |     8 |    14 |    13 ||    36
       Ration            |       |     1 |     1 |     5 ||     7
Armor: Skin              |    17 |    63 |    63 |   247 ||   390
Dodge: Dodged            |    38 |   102 |   161 |   186 ||   487
Block: Buckler           |       |       |    30 |    76 ||   106
